 Dungeon Crawl Stone Soup version 0.30-a0-223-gcb0039aa0c (webtiles) character file.

Game seed: 209546401191931812

31290 qw the Cleaver (level 13, -2/90 HPs)
             Began as a Gargoyle Fighter on Oct 9, 2022.
             Was a High Priest of Okawaru.
             Slain by a fire crab (8 damage)
             ... on level 5 of the Lair of Beasts.
             The game lasted 00:06:19 (11770 turns).

qw the Cleaver (Gargoyle Fighter)                  Turns: 11770, Time: 00:06:19

Health: -2/90      AC: 35    Str: 19    XL:     13   Next: 57%
Magic:  22/22      EV: 12    Int:  9    God:    Okawaru [*****.]
Gold:   635        SH:  8    Dex: 26    Spells: 12/12 levels left

rFire   . . .      SeeInvis +    s - +2 hand axe (vamp)
rCold   . . .      Faith    .    c - +0 buckler
rNeg    + + .      Spirit   .    x - +2 plate armour of the Tundras {rPois rN+ Str-4 Dex+4}
rPois   inf        Reflect  .    u - +0 helmet
rElec   +          Harm     .    (no cloak)
rCorr   .          Rampage  .    f - +0 pair of fencer's gloves {Riposte Dex+3}
Will    .....                    g - +0 pair of boots
Stlth   ..........               h - amulet of regeneration
HPRegen 1.15/turn                l - ring of see invisible
MPRegen 0.18/turn                y - +6 ring of dexterity

@: about to teleport, heroic
A: sickness immunity, AC +9, negative energy resistance 1, electricity
resistance, torment resistance 1, petrification resistance, iridescent scales 1,
agile 1, high MP 1, robust 1
a: Renounce Religion, Heroism, Finesse, Duel


You were on level 5 of the Lair of Beasts.
You worshipped Okawaru.
Okawaru was extremely pleased with you.
You visited 3 branches of the dungeon, and saw 14 of its levels.

You collected 902 gold pieces.
You spent 267 gold pieces at shops.


Innate Abilities, Weirdness & Mutations

You are immune to sickness and miasma.
Your stone body is resilient. (AC +9)
You are immune to poison.
You resist negative energy. (rN+)
You are resistant to electric shocks. (rElec)
You are resistant to unholy torment.
You are immune to petrification.
You are partially covered in iridescent scales. (AC +2)
You are agile. (Dex +4, Str/Int -1)
You have an increased reservoir of magic. (+10% MP)
You are robust. (+10% HP)


   Skills:
 - Level 10.0(15.0) Fighting
 + Level 13.6(18.6) Axes
 - Level 5.0(10.0) Throwing
 - Level 10.1(15.1) Armour
 - Level 4.1(9.1) Dodging
 - Level 6.1(11.1) Shields
 - Level 10.0 Invocations


You had 12 spell levels left.
You didn't know any spells.
Your spell library was empty.

Inventory:

Hand Weapons
 p - a +1 war axe
 s - a +2 vampiric hand axe (weapon)
 v - the +6 morningstar of Fovy {spect, rPois rC+}
   (You found it on level 3 of the Lair of Beasts)

   When its wielder attacks, the weapon's spirit leaps out and strikes again.
   The spirit shares a part of any damage it takes with its wielder.
   rC:        It protects you from cold.
   rPois:     It protects you from poison.
Missiles
 a - 3 silver javelins (quivered)
 k - 6 boomerangs
Armour
 c - a +0 buckler (worn)
 f - the +0 pair of fencer's gloves (worn) {Riposte Dex+3}
   (You acquired it on level 3 of the Dungeon)

   It allows the wearer to riposte with melee weapons, swiftly retaliating
   against missed or blocked melee attacks.
   Dex:       It affects your dexterity (+3).
 g - a +0 pair of boots (worn)
 u - a +0 helmet (worn)
 x - the +2 plate armour of the Tundras (worn) {rPois rN+ Str-4 Dex+4}
   (Okawaru gifted it to you on level 1 of the Lair of Beasts)

   Str:       It affects your strength (-4).
   Dex:       It affects your dexterity (+4).
   rPois:     It protects you from poison.
   rN:        It protects you from negative energy.
Jewellery
 h - an amulet of regeneration (around neck)
 l - a ring of see invisible (left hand)
 y - a +6 ring of dexterity (right hand)
Scrolls
 t - a scroll of identify
Potions
 b - 3 potions of mutation
 d - 3 potions of might
 j - a potion of attraction
 m - 7 potions of curing
 n - a potion of cancellation
 o - a potion of lignification
 q - a potion of resistance
 w - a potion of magic {unknown}
 z - a potion of haste

Dungeon Overview and Level Annotations

Branches:
Dungeon (8/15)             Temple (1/1) D:7            Lair (5/5) D:8
  Swamp (0/4) Lair:2        Snake (0/4) Lair:3
  Slime: Lair:4-5

Altars:
Ashenzari
Cheibriados
Dithmenos
Elyvilon
Fedhas
Gozag
Hepliaklqana
Kikubaaqudgha
Nemelex Xobeh
Okawaru
Qazlal
Ru
Sif Muna
Trog
Uskayaw
Vehumet
Wu Jian
Xom
Zin
The Shining One

Shops:
D:1 [!:   D:2 *[(   D:8 *

Annotations:
D:3 3 runed translucent doors, qw's ghost, amateur GrFi


Message History

You hit the fire crab.
The fire crab bites you but does no damage.
The fire crab claws you but does no damage.
The molten gargoyle hits you with a +0 mace.
You are engulfed in flames!
The hell hound breathes flames at you. The blast of flame hits you!!
11767 ||| READING scroll of teleportation.
As you read the scroll of teleportation, it crumbles to dust.
You feel strangely unstable. The hell hound closely misses you.
You riposte.
You barely miss the hell hound.
The hell hound is heavily wounded.
You hit the molten gargoyle but do no damage.
You hit the fire crab.
You feel better. You block the molten gargoyle's attack.
You riposte.
You slash the molten gargoyle!
The molten gargoyle is heavily damaged.
You hit the fire crab.
You feel better.
You barely miss the hell hound. The fire crab breathes flames at you.
The blast of flame engulfs you!
You completely miss the molten gargoyle.
The molten gargoyle is heavily damaged.
You hit the fire crab but do no damage.
You hit the hell hound but do no damage.
You are engulfed in blazing flames.
The hell hound bites you.
You barely miss the molten gargoyle.
The molten gargoyle is heavily damaged.
You hit the fire crab but do no damage.
You hit the hell hound but do no damage.
You are engulfed in blazing flames.
You block the molten gargoyle's attack.
The fire crab misses you. x2; You block the hell hound's attack.
You hit the hell hound but do no damage.
The hell hound is heavily wounded.
You hit the molten gargoyle. You hit the fire crab.
You feel better.
You are engulfed in blazing flames.
You block the hell hound's attack.
You riposte.
You hit the hell hound.
The hell hound is heavily wounded.
You hit the fire crab.
You feel better.
You hit the molten gargoyle but do no damage.
The fire crab bites you!
You die...

.......
##=.........#
##...!......P#
##........<....
#............/P
#P....?$.....##
###.............
#..#<..000......
#..#....0@t[.....
........)09h......
........00........
#.......$..........
###................
#.................
#.................
##................
.......$........


You could see a fire crab, a molten gargoyle and a hell hound.

Vanquished Creatures
  4 hydras
  A catoblepas (Lair:2)
  Sonja (Lair:1)
  Amaemon (D:8)
  A lindwurm (Lair:5)
  2 oklob plants
  A wolf spider (Lair:3)
  Joseph (Lair:1)
  4 elephants (Lair:4)
  7 black mambas
  A torpor snail (Lair:1)
  An orange demon (D:8)
  6 cane toads
  Maggie (D:8)
  4 rime drakes
  9 komodo dragons
  A troll (D:8)
  2 polar bears
  12 blink frogs
  A spriggan (Lair:2)
  28 yaks
  6 basilisks
  4 wyverns
  A steam dragon (D:8)
  An acid dragon (D:8)
  2 nagas (Lair:3)
  A hell hound (Lair:5)
  20 water moccasins
  A black bear (D:5)
  3 ice beasts
  28 wolves
  A centaur (D:7)
  A phantom (D:7)
  2 bullfrogs
  A necrophage (D:8)
  3 scorpions
  3 wights (D:8)
  3 killer bees (D:8)
  A howler monkey (D:6)
  4 electric eels
  5 orc priests
  A gnoll bouda (D:6)
  7 hounds
  4 iguanas
  7 orc wizards
  7 hell rats (Lair:4)
  14 gnolls
  4 adders
  A shadow imp (D:7)
  3 white imps
  A worm (D:4)
  4 dart slugs
  25 orcs
  4 endoplasms
  3 giant cockroaches
  9 goblins
  12 hobgoblins
  3 jackals (D:1)
  3 quokkas
  4 ball pythons
  5 bats
  5 frilled lizards
  7 kobolds
  3 rats
316 creatures vanquished.

Vanquished Creatures (others)
  An electric eel (D:8)
  20 fungi
  24 plants
  4 toadstools (D:1)
49 creatures vanquished.

Grand Total: 365 creatures vanquished

Notes
Turn   | Place    | Note
-------+----------+-------------------------------------------
     0 | D:1      | qw the Gargoyle Fighter began the quest for the Orb.
     0 | D:1      | Reached XP level 1. HP: 14/14 MP: 1/1
     0 | D:1      | 0 ||| qw: Version: 0.2-a-17-g06abaee
     0 | D:1      | 0 ||| qw: Game counter: 2236
     0 | D:1      | 0 ||| qw: Always use a shield: true
     0 | D:1      | 0 ||| qw: God list: Okawaru
     0 | D:1      | 0 ||| qw: Allow faded altars: false
     0 | D:1      | 0 ||| qw: Do Orc after D:15 true
     0 | D:1      | 0 ||| qw: Do second Lair branch before Depths: true
     0 | D:1      | 0 ||| qw: Lair rune preference: random
     0 | D:1      | 0 ||| qw: Plans: Normal, Zot:1-4, God:TSO, Crypt, Tomb,
                  | Pan, Slime:5, Hells, Abyss, Orb
     0 | D:1      | 0 ||| PLANNING D:1-11
    99 | D:1      | Reached skill level 2 in Axes
    99 | D:1      | Reached XP level 2. HP: 19/19 MP: 2/2
   136 | D:1      | Found Peeqio Kicoe's Book Shop.
   549 | D:1      | Reached skill level 3 in Axes
   712 | D:1      | Reached XP level 3. HP: 20/23 MP: 3/3
   733 | D:1      | Found Zingeinn's Armour Shoppe.
   741 | D:1      | 741 ||| BUYING +0 chain mail (63 gold).
   741 | D:1      | Bought a +0 chain mail for 63 gold pieces
   741 | D:1      | 741 ||| SHOPLISTING +0 kite shield (63 gold, have 10).
   741 | D:1      | 741 ||| SHOPLISTING +0 pair of boots (63 gold, have 10).
   741 | D:1      | 741 ||| SHOPLISTING +1 pair of gloves of hurling (231 gold,
                  | have 10).
   747 | D:1      | Found Quvviox's Distillery.
   753 | D:1      | 753 ||| SHOPLISTING 2 potions of curing (72 gold, have 10).
   753 | D:1      | 753 ||| SHOPLISTING potion of cancellation (96 gold, have
                  | 10).
   753 | D:1      | 753 ||| SHOPLISTING potion of curing (36 gold, have 10).
   753 | D:1      | 753 ||| SHOPLISTING potion of haste (120 gold, have 10).
   753 | D:1      | 753 ||| SHOPLISTING potion of might (48 gold, have 10).
   753 | D:1      | 753 ||| SHOPLISTING potion of resistance (120 gold, have
                  | 10).
   990 | D:1      | 990 ||| UPGRADING to +0 pair of gloves.
   995 | D:1      | 995 ||| UPGRADING to +0 chain mail.
  1005 | D:1      | 1005 ||| DROPPING +0 scale mail.
  1006 | D:1      | 1006 ||| READING scroll labelled PIABUO UMPEU.
  1010 | D:1      | 1010 ||| READING scroll labelled EFAPTU FUCK.
  1011 | D:1      | 1011 ||| READING scroll labelled TAOFEU TEGEUL.
  1012 | D:1      | 1012 ||| READING scroll labelled RYABAMPAUR.
  1013 | D:1      | 1013 ||| READING scroll labelled QIAMAUNG AVUREWN.
  1014 | D:1      | 1014 ||| READING 2 scrolls labelled MEAWUPEWUO.
  1015 | D:1      | 1015 ||| READING scroll labelled DAGIOR HEEXYCA.
  1016 | D:1      | 1016 ||| DROPPING scroll of immolation.
  1070 | D:2      | Found Ocrokiz's Assorted Antiques.
  1094 | D:2      | 1094 ||| SHOPLISTING 2 scrolls labelled PARUSE WERE (48
                  | gold, have 19).
  1094 | D:2      | 1094 ||| SHOPLISTING embroidered hat (168 gold, have 19).
  1094 | D:2      | 1094 ||| SHOPLISTING fizzy green potion (21 gold, have 19).
  1094 | D:2      | 1094 ||| SHOPLISTING scroll labelled PARUSE WERE (24 gold,
                  | have 19).
  1094 | D:2      | 1094 ||| SHOPLISTING scroll labelled RAACAUJ NIAMI (24
                  | gold, have 19).
  1094 | D:2      | 1094 ||| SHOPLISTING smoky silvery potion (21 gold, have
                  | 19).
  1240 | D:2      | Found Rilo Lim's Antique Weapon Shop.
  1247 | D:2      | 1247 ||| SHOPLISTING morningstar (76 gold, have 29).
  1299 | D:2      | 1299 ||| Stepping ~*~*~tactically~*~*~ (stealth).
  1363 | D:2      | Found an ornate altar of the Wu Jian Council.
  1381 | D:2      | 1381 ||| Stepping ~*~*~tactically~*~*~ (hiding).
  1382 | D:2      | 1382 ||| Stepping ~*~*~tactically~*~*~ (hiding).
  1390 | D:2      | 1390 ||| Stepping ~*~*~tactically~*~*~ (stealth).
  1618 | D:2      | Found Xoicufoh's Antique Armour Boutique.
  1625 | D:2      | 1625 ||| SHOPLISTING embroidered scarf (160 gold, have 60).
  1724 | D:2      | 1724 ||| READING scroll labelled KOISHUSIOL.
  1725 | D:2      | 1725 ||| DRINKING 2 smoky silvery potions.
  1725 | D:2      | Gained mutation: You are agile. (Dex +4, Str/Int -1)
                  | [potion of mutation]
  1725 | D:2      | Gained mutation: You are robust. (+10% HP) [potion of
                  | mutation]
  1725 | D:2      | Gained mutation: You have an increased reservoir of magic.
                  | (+10% MP) [potion of mutation]
  1725 | D:2      | Gained mutation: You are partially covered in iridescent
                  | scales. (AC +2) [potion of mutation]
  1849 | D:3      | 1849 ||| Stepping ~*~*~tactically~*~*~ (hiding).
  1860 | D:3      | Reached skill level 4 in Axes
  1860 | D:3      | Reached XP level 4. HP: 11/30 MP: 4/4
  1861 | D:3      | 1861 ||| FLEEEEING.
  1863 | D:3      | 1863 ||| FLEEEEING.
  1864 | D:3      | 1864 ||| FLEEEEING.
  1866 | D:3      | 1866 ||| FLEEEEING.
  1867 | D:3      | 1867 ||| FLEEEEING.
  1868 | D:3      | 1868 ||| FLEEEEING.
  1869 | D:3      | 1869 ||| FLEEEEING.
  1871 | D:3      | 1871 ||| FLEEEEING.
  1874 | D:3      | 1874 ||| FLEEEEING.
  1875 | D:3      | 1875 ||| FLEEEEING.
  1881 | D:3      | 1881 ||| FLEEEEING.
  1882 | D:3      | 1882 ||| FLEEEEING.
  1883 | D:3      | 1883 ||| STAIRDANCE
  1960 | D:3      | 1960 ||| Stepping ~*~*~tactically~*~*~ (stealth).
  1960 | D:3      | Found a faded altar of an unknown god.
  2017 | D:3      | Reached XP level 5. HP: 21/35 MP: 5/5
  2295 | D:3      | 2295 ||| Stepping ~*~*~tactically~*~*~ (stealth).
  2311 | D:3      | 2311 ||| Stepping ~*~*~tactically~*~*~ (stealth).
  2318 | D:3      | 2318 ||| Stepping ~*~*~tactically~*~*~ (stealth).
  2324 | D:3      | 2324 ||| Stepping ~*~*~tactically~*~*~ (stealth).
  2326 | D:3      | 2326 ||| Stepping ~*~*~tactically~*~*~ (stealth).
  2327 | D:3      | 2327 ||| Stepping ~*~*~tactically~*~*~ (stealth).
  2340 | D:3      | 2340 ||| DROPPING +0 flail.
  2363 | D:3      | 2363 ||| Stepping ~*~*~tactically~*~*~ (stealth).
  2377 | D:3      | Reached skill level 5 in Axes
  2706 | D:3      | Found a runed translucent gate.
  2706 | D:3      | Found a runed translucent gate.
  2706 | D:3      | Found a runed translucent gate.
  2707 | D:3      | Noticed qw's ghost (amateur GrFi)
  2815 | D:3      | 2815 ||| UPGRADING to +1 chain mail of willpower.
  2825 | D:3      | 2825 ||| UPGRADING to +0 pair of boots.
  2830 | D:3      | 2830 ||| DROPPING +0 chain mail.
  2831 | D:3      | 2831 ||| READING scroll labelled POUROE HEYTYRO.
  2831 | D:3      | Identified a scroll of acquirement
  2831 | D:3      | 2831 ||| ACQUIRING +0 pair of fencer's gloves {Riposte
                  | Dex+3}
  2831 | D:3      | Acquired the +0 pair of fencer's gloves {Riposte Dex+3}
  2831 | D:3      | Found the +0 pair of fencer's gloves {Riposte Dex+3}
  2833 | D:3      | 2833 ||| UPGRADING to +0 pair of fencer's gloves {Riposte
                  | Dex+3}.
  2843 | D:3      | 2843 ||| DROPPING +0 pair of gloves.
  2844 | D:3      | 2844 ||| READING scroll labelled KOHALOV LEOGUC.
  2845 | D:3      | 2845 ||| DRINKING 2 dark potions.
  2901 | D:4      | Reached skill level 1 in Dodging
  3099 | D:4      | 3099 ||| Stepping ~*~*~tactically~*~*~ (stealth).
  3100 | D:4      | 3100 ||| Stepping ~*~*~tactically~*~*~ (stealth).
  3108 | D:4      | Reached XP level 6. HP: 40/40 MP: 6/6
  3132 | D:4      | 3132 ||| Stepping ~*~*~tactically~*~*~ (hiding).
  3133 | D:4      | 3133 ||| Stepping ~*~*~tactically~*~*~ (hiding).
  3627 | D:4      | 3627 ||| SWAPPING to +2 vampiric hand axe.
  3812 | D:4      | 3812 ||| UPGRADING to amulet of regeneration.
  3817 | D:4      | 3817 ||| READING 2 scrolls labelled PARUSE WERE.
  3818 | D:4      | 3818 ||| DRINKING 2 viscous black potions.
  3819 | D:4      | 3819 ||| DROPPING potion of flight.
  3835 | D:5      | Entered Level 5 of the Dungeon
  3853 | D:5      | Noticed a black bear
  3862 | D:5      | Killed a black bear
  3863 | D:5      | Reached skill level 6 in Axes
  3863 | D:5      | Reached XP level 7. HP: 47/47 MP: 7/7
  3953 | D:5      | 3953 ||| Stepping ~*~*~tactically~*~*~ (hiding).
  3954 | D:5      | 3954 ||| Stepping ~*~*~tactically~*~*~ (hiding).
  3956 | D:5      | 3956 ||| Stepping ~*~*~tactically~*~*~ (hiding).
  4644 | D:5      | 4644 ||| UPGRADING to +0 helmet.
  4649 | D:5      | 4649 ||| UPGRADING to ring of see invisible.
  4650 | D:5      | 4650 ||| DROPPING ring of magical power.
  4651 | D:5      | 4651 ||| READING scroll labelled XEM MUISAAVANK.
  4652 | D:5      | 4652 ||| READING scroll labelled RAACAUJ NIAMI.
  4756 | D:6      | Reached skill level 7 in Axes
  4831 | D:6      | Found an ancient bone altar of Kikubaaqudgha.
  4833 | D:6      | Found a glowing silver altar of Zin.
  5076 | D:6      | Found a hazy altar of Hepliaklqana.
  5149 | D:6      | 5149 ||| Stepping ~*~*~tactically~*~*~ (hiding).
  5165 | D:6      | 5165 ||| Stepping ~*~*~tactically~*~*~ (hiding).
  5180 | D:6      | Reached XP level 8. HP: 27/53 MP: 8/8
  5392 | D:6      | Reached skill level 1 in Throwing
  5480 | D:6      | 5480 ||| READING scroll labelled FYRYPOXZ JALI.
  5491 | D:6      | 5491 ||| READING 4 scrolls of identify.
  5491 | D:6      | 5491 ||| IDENTIFYING coppery potion
  5492 | D:6      | 5492 ||| READING 3 scrolls of identify.
  5492 | D:6      | 5492 ||| IDENTIFYING orange potion
  5493 | D:6      | 5493 ||| READING 2 scrolls of identify.
  5493 | D:6      | 5493 ||| IDENTIFYING viscous inky potion
  5494 | D:6      | 5494 ||| DROPPING potion of degeneration.
  5566 | D:7      | Noticed a wyvern
  5578 | D:7      | Killed a wyvern
  5579 | D:7      | Reached skill level 8 in Axes
  5627 | D:7      | 5627 ||| Stepping ~*~*~tactically~*~*~ (hiding).
  5645 | D:7      | Reached skill level 6 in Fighting
  5760 | D:7      | Found a staircase to the Ecumenical Temple.
  5761 | D:7      | 5761 ||| PLANNING TEMPLE
  5761 | D:7      | 5761 ||| UPGRADING to +0 plate armour.
  5771 | D:7      | 5771 ||| DROPPING +1 chain mail of willpower.
  5773 | D:7      | Noticed a yak
  5774 | D:7      | Noticed a yak
  5774 | D:7      | Noticed a yak
  5775 | D:7      | 5775 ||| FLEEEEING.
  5776 | D:7      | 5776 ||| FLEEEEING.
  5777 | D:7      | 5777 ||| FLEEEEING.
  5778 | D:7      | 5778 ||| FLEEEEING.
  5778 | D:7      | Noticed a yak
  5779 | D:7      | 5779 ||| FLEEEEING.
  5779 | D:7      | Noticed a yak
  5779 | D:7      | Noticed a yak
  5780 | D:7      | 5780 ||| FLEEEEING.
  5781 | D:7      | 5781 ||| FLEEEEING.
  5782 | D:7      | 5782 ||| FLEEEEING.
  5783 | D:7      | 5783 ||| FLEEEEING.
  5784 | D:7      | 5784 ||| FLEEEEING.
  5785 | D:7      | 5785 ||| FLEEEEING.
  5786 | D:7      | 5786 ||| FLEEEEING.
  5787 | D:7      | 5787 ||| FLEEEEING.
  5788 | D:7      | 5788 ||| FLEEEEING.
  5789 | D:7      | 5789 ||| FLEEEEING.
  5790 | D:7      | 5790 ||| FLEEEEING.
  5791 | D:7      | 5791 ||| FLEEEEING.
  5792 | D:7      | 5792 ||| FLEEEEING.
  5793 | D:7      | 5793 ||| FLEEEEING.
  5794 | D:7      | 5794 ||| FLEEEEING.
  5795 | D:7      | 5795 ||| FLEEEEING.
  5796 | D:7      | 5796 ||| FLEEEEING.
  5809 | D:7      | Killed a yak
  5810 | D:7      | Reached XP level 9. HP: 55/61 MP: 9/9
  5815 | D:7      | Reached skill level 6 in Armour
  5827 | D:7      | Reached skill level 9 in Axes
  5861 | Temple   | Entered the Ecumenical Temple
  5861 | Temple   | Found a transporter.
  5861 | Temple   | Found a transporter.
  5863 | Temple   | Found a transporter.
  5863 | Temple   | Found a transporter.
  5872 | Temple   | 5872 ||| PLANNING OKAWARU WORSHIP
  5879 | Temple   | Became a worshipper of Warmaster Okawaru
  5880 | Temple   | 5880 ||| PLANNING D:1-11
  6190 | D:8      | Noticed Amaemon
  6190 | D:8      | Noticed an orange demon
  6205 | D:8      | Killed an orange demon
  6232 | D:8      | Killed Amaemon
  6232 | D:8      | Reached * piety under Okawaru
  6232 | D:8      | Reached ** piety under Okawaru
  6233 | D:8      | Reached XP level 10. HP: 35/69 MP: 11/11
  6266 | D:8      | 6266 ||| DROPPING +2 vorpal flail.
  6296 | D:8      | Found a snail-covered altar of Cheibriados.
  6327 | D:8      | 6327 ||| Stepping ~*~*~tactically~*~*~ (hiding).
  6442 | D:8      | Reached skill level 10 in Axes
  6525 | D:8      | 6525 ||| INVOKING Heroism.
  6528 | D:8      | Reached skill level 1 in Invocations
  6559 | D:8      | 6559 ||| INVOKING Heroism.
  6576 | D:8      | Reached skill level 3 in Invocations
  6582 | D:8      | 6582 ||| INVOKING Heroism.
  6591 | D:8      | Found a staircase to the Lair.
  6597 | D:8      | 6597 ||| INVOKING Heroism.
  6602 | D:8      | Noticed Maggie
  6615 | D:8      | 6615 ||| INVOKING Heroism.
  6633 | D:8      | 6633 ||| Stepping randomly (cloudy).
  6644 | D:8      | 6644 ||| Waiting to end mesmerise (stuck).
  6645 | D:8      | 6645 ||| Waiting to end mesmerise (stuck).
  6650 | D:8      | 6650 ||| Waiting to end mesmerise (stuck).
  6704 | D:8      | 6704 ||| Stepping ~*~*~tactically~*~*~ (hiding).
  6733 | D:8      | Killed Maggie
  6745 | D:8      | Found Lomag's General Store.
  6759 | D:8      | 6759 ||| BUYING potion of cancellation (96 gold).
  6759 | D:8      | Bought a potion of cancellation for 96 gold pieces
  6759 | D:8      | 6759 ||| BUYING potion of curing (36 gold).
  6759 | D:8      | Bought a potion of curing for 36 gold pieces
  6759 | D:8      | 6759 ||| BUYING potion of lignification (36 gold).
  6759 | D:8      | Bought a potion of lignification for 36 gold pieces
  6759 | D:8      | 6759 ||| BUYING scroll of teleportation (36 gold).
  6759 | D:8      | Bought a scroll of teleportation for 36 gold pieces
  6779 | D:8      | 6779 ||| INVOKING Heroism.
  6794 | D:8      | Reached *** piety under Okawaru
  6802 | D:8      | 6802 ||| INVOKING Heroism.
  6823 | D:8      | Found a white marble altar of Elyvilon.
  6927 | D:8      | 6927 ||| DRINKING 2 glowing silvery potions.
  6935 | D:8      | 6935 ||| DRINKING 4 potions of curing.
  6935 | D:8      | 6935 ||| (to cure confusion)
  7043 | D:8      | Found a shimmering altar of Xom.
  7177 | D:8      | Found a sacrificial altar of Ru.
  7272 | D:8      | 7272 ||| Stepping ~*~*~tactically~*~*~ (water).
  7304 | D:8      | 7304 ||| INVOKING Heroism.
  7400 | D:8      | 7400 ||| PLANNING LAIR
  7400 | D:8      | 7400 ||| DROPPING potion of berserk rage.
  7442 | Lair:1   | Entered Level 1 of the Lair of Beasts
  7478 | Lair:1   | 7478 ||| Stepping ~*~*~tactically~*~*~ (stealth).
  7478 | Lair:1   | Noticed a torpor snail
  7478 | Lair:1   | Noticed a cane toad
  7479 | Lair:1   | 7479 ||| INVOKING Heroism.
  7491 | Lair:1   | Reached **** piety under Okawaru
  7492 | Lair:1   | 7492 ||| Stepping ~*~*~tactically~*~*~ (hiding).
  7494 | Lair:1   | 7494 ||| INVOKING Heroism.
  7505 | Lair:1   | Killed a cane toad
  7515 | Lair:1   | Killed a torpor snail
  7516 | Lair:1   | Reached XP level 11. HP: 62/74 MP: 14/16
  7546 | Lair:1   | 7546 ||| INVOKING Heroism.
  7548 | Lair:1   | 7548 ||| Stepping ~*~*~tactically~*~*~ (stealth).
  7559 | Lair:1   | 7559 ||| Stepping ~*~*~tactically~*~*~ (stealth).
  7560 | Lair:1   | 7560 ||| Stepping ~*~*~tactically~*~*~ (stealth).
  7571 | Lair:1   | Reached ***** piety under Okawaru
  7576 | Lair:1   | Reached skill level 11 in Axes
  7576 | Lair:1   | Reached skill level 6 in Invocations
  7665 | Lair:1   | Noticed Sonja
  7666 | Lair:1   | 7666 ||| Stepping ~*~*~tactically~*~*~ (stealth).
  7667 | Lair:1   | 7667 ||| INVOKING Heroism.
  7671 | Lair:1   | 7671 ||| INVOKING Finesse.
  7671 | Lair:1   | Noticed Joseph
  7716 | Lair:1   | Killed Sonja
  7717 | Lair:1   | Reached skill level 9 in Fighting
  7732 | Lair:1   | Killed Joseph
  7732 | Lair:1   | Identified the +12 sling "Xuismior" {speed, rPois rC+
                  | Dex+4} (Okawaru gifted it to you on level 1 of the Lair of
                  | Beasts)
  7732 | Lair:1   | Received a gift from Okawaru
  7843 | Lair:1   | 7843 ||| INVOKING Heroism.
  7859 | Lair:1   | 7859 ||| Stepping ~*~*~tactically~*~*~ (stealth).
  7862 | Lair:1   | 7862 ||| Stepping ~*~*~tactically~*~*~ (stealth).
  7863 | Lair:1   | 7863 ||| Stepping ~*~*~tactically~*~*~ (stealth).
  7864 | Lair:1   | 7864 ||| Stepping ~*~*~tactically~*~*~ (stealth).
  7867 | Lair:1   | 7867 ||| Stepping ~*~*~tactically~*~*~ (stealth).
  7877 | Lair:1   | 7877 ||| INVOKING Heroism.
  7903 | Lair:1   | 7903 ||| INVOKING Heroism.
  7973 | Lair:1   | 7973 ||| Stepping ~*~*~tactically~*~*~ (stealth).
  7999 | Lair:1   | Noticed a five-headed hydra
  8000 | Lair:1   | 8000 ||| INVOKING Heroism.
  8001 | Lair:1   | 8001 ||| INVOKING Finesse.
  8004 | Lair:1   | 8004 ||| SWAPPING to -2 demon whip of venom.
  8008 | Lair:1   | Noticed a six-headed hydra
  8009 | Lair:1   | 8009 ||| Stepping ~*~*~tactically~*~*~ (stealth).
  8017 | Lair:1   | Killed a five-headed hydra
  8033 | Lair:1   | Killed a six-headed hydra
  8033 | Lair:1   | Identified the +2 plate armour of the Tundras {rPois rN+
                  | Str-4 Dex+4} (Okawaru gifted it to you on level 1 of the
                  | Lair of Beasts)
  8033 | Lair:1   | Received a gift from Okawaru
  8034 | Lair:1   | Reached skill level 9 in Invocations
  8034 | Lair:1   | Reached XP level 12. HP: 50/83 MP: 14/20
  8034 | Lair:1   | 8034 ||| SWAPPING to +2 vampiric hand axe.
  8100 | Lair:1   | 8100 ||| INVOKING Heroism.
  8166 | Lair:1   | Identified the +0 ring mail of Yesterday {Dex+3}
  8218 | Lair:1   | Found the +1 robe of Vines {NoPotionHeal Regen++++}
  8219 | Lair:1   | 8219 ||| INVOKING Heroism.
  8220 | Lair:1   | 8220 ||| INVOKING Finesse.
  8224 | Lair:1   | 8224 ||| DRINKING 2 potions of cancellation.
  8224 | Lair:1   | HP: 17/83 [oklob plant/splash of acid (30)]
  8225 | Lair:1   | 8225 ||| READING 2 scrolls of teleportation.
  8329 | Lair:1   | 8329 ||| INVOKING Heroism.
  8330 | Lair:1   | 8330 ||| INVOKING Finesse.
  8375 | Lair:1   | 8375 ||| READING scroll of teleportation.
  8379 | Lair:1   | HP: 19/83 [oklob plant/splash of acid (12)]
  8382 | Lair:1   | HP: 3/83 [oklob plant/splash of acid (17)]
  8489 | Lair:1   | Reached skill level 12 in Axes
  8546 | Lair:1   | 8546 ||| INVOKING Heroism.
  8547 | Lair:1   | 8547 ||| INVOKING Finesse.
  8668 | Lair:1   | 8668 ||| UPGRADING to +2 plate armour of the Tundras {rPois
                  | rN+ Str-4 Dex+4}.
  8678 | Lair:1   | 8678 ||| DROPPING +0 plate armour.
  8679 | Lair:1   | 8679 ||| UPGRADING to +6 ring of dexterity.
  8680 | Lair:1   | 8680 ||| READING scroll labelled WUITHE QUNADEC.
  8700 | Lair:2   | 8700 ||| INVOKING Heroism.
  8703 | Lair:2   | 8703 ||| STAIRDANCE
  8717 | Lair:2   | 8717 ||| STAIRDANCE
  8799 | Lair:2   | 8799 ||| INVOKING Heroism.
  8829 | Lair:2   | 8829 ||| INVOKING Heroism.
  8830 | Lair:2   | 8830 ||| INVOKING Finesse.
  8839 | Lair:2   | Reached skill level 3 in Dodging
  8917 | Lair:2   | 8917 ||| INVOKING Heroism.
  8933 | Lair:2   | Reached skill level 9 in Armour
  8946 | Lair:2   | 8946 ||| INVOKING Heroism.
  9008 | Lair:2   | 9008 ||| INVOKING Heroism.
  9027 | Lair:2   | Reached skill level 6 in Shields
  9074 | Lair:2   | 9074 ||| INVOKING Heroism.
  9103 | Lair:2   | Found a staircase to the Swamp.
  9203 | Lair:2   | 9203 ||| Stepping ~*~*~tactically~*~*~ (hiding).
  9232 | Lair:2   | 9232 ||| INVOKING Heroism.
  9526 | Lair:2   | Noticed a catoblepas
  9527 | Lair:2   | 9527 ||| INVOKING Heroism.
  9528 | Lair:2   | 9528 ||| INVOKING Finesse.
  9563 | Lair:2   | Killed a catoblepas
  9678 | Lair:2   | 9678 ||| READING 2 scrolls of identify.
  9678 | Lair:2   | 9678 ||| IDENTIFYING fuming white potion
  9796 | Lair:3   | Found a staircase to the Snake Pit.
  9950 | Lair:3   | Reached skill level 3 in Throwing
 10109 | Lair:3   | 10109 ||| INVOKING Heroism.
 10151 | Lair:3   | Identified the +6 morningstar of Fovy {spect, rPois rC+}
 10153 | Lair:3   | 10153 ||| DROPPING -2 demon whip of venom.
 10219 | Lair:3   | Identified the +1 ring mail of Geciz {Str-2 Int+5 SInv}
 10398 | Lair:4   | 10398 ||| INVOKING Heroism.
 10399 | Lair:4   | 10399 ||| Stepping ~*~*~tactically~*~*~ (stealth).
 10434 | Lair:4   | Received a gift from Okawaru
 10435 | Lair:4   | Reached XP level 13. HP: 90/90 MP: 22/22
 10549 | Lair:4   | 10549 ||| Stepping ~*~*~tactically~*~*~ (stealth).
 10550 | Lair:4   | 10550 ||| Stepping ~*~*~tactically~*~*~ (stealth).
 10551 | Lair:4   | 10551 ||| Stepping ~*~*~tactically~*~*~ (stealth).
 10556 | Lair:4   | 10556 ||| INVOKING Heroism.
 10625 | Lair:4   | 10625 ||| INVOKING Heroism.
 11104 | Lair:4   | Reached skill level 13 in Axes
 11210 | Lair:4   | 11210 ||| DRINKING 2 green potions.
 11229 | Lair:5   | Entered Level 5 of the Lair of Beasts
 11230 | Lair:5   | 11230 ||| INVOKING Heroism.
 11256 | Lair:5   | HP: 21/90 [lindwurm/blast of flame (12)]
 11257 | Lair:5   | 11257 ||| READING 2 scrolls of teleportation.
 11258 | Lair:5   | 11258 ||| DRINKING potion of heal wounds.
 11322 | Lair:5   | 11322 ||| FLEEEEING.
 11326 | Lair:5   | 11326 ||| INVOKING Heroism.
 11327 | Lair:5   | 11327 ||| INVOKING Finesse.
 11334 | Lair:5   | 11334 ||| SWAPPING to +6 morningstar of Fovy {spect, rPois
                  | rC+}.
 11335 | Lair:5   | 11335 ||| Stepping ~*~*~tactically~*~*~ (outnumbered).
 11339 | Lair:5   | 11339 ||| Stepping ~*~*~tactically~*~*~ (outnumbered).
 11340 | Lair:5   | 11340 ||| Stepping ~*~*~tactically~*~*~ (outnumbered).
 11342 | Lair:5   | 11342 ||| SWAPPING to +2 vampiric hand axe.
 11575 | Lair:5   | 11575 ||| DRINKING 2 cyan potions.
 11576 | Lair:5   | 11576 ||| DROPPING potion of brilliance.
 11604 | Lair:5   | 11604 ||| STAIRDANCE
 11608 | Lair:4   | 11608 ||| INVOKING Heroism.
 11629 | Lair:5   | 11629 ||| STAIRDANCE
 11668 | Lair:5   | 11668 ||| STAIRDANCE
 11672 | Lair:4   | 11672 ||| INVOKING Heroism.
 11695 | Lair:5   | 11695 ||| STAIRDANCE
 11697 | Lair:4   | 11697 ||| SWAPPING to +6 morningstar of Fovy {spect, rPois
                  | rC+}.
 11698 | Lair:4   | 11698 ||| INVOKING Finesse.
 11701 | Lair:4   | 11701 ||| SWAPPING to +2 vampiric hand axe.
 11741 | Lair:5   | Received a gift from Okawaru
 11753 | Lair:5   | 11753 ||| INVOKING Heroism.
 11757 | Lair:5   | 11757 ||| Stepping ~*~*~tactically~*~*~ (cloud).
 11760 | Lair:5   | 11760 ||| Stepping ~*~*~tactically~*~*~ (cloud).
 11761 | Lair:5   | 11761 ||| Stepping ~*~*~tactically~*~*~ (cloud).
 11766 | Lair:5   | HP: 7/90 [hell hound/blast of flame (19)]
 11767 | Lair:5   | 11767 ||| READING scroll of teleportation.
 11769 | Lair:5   | HP: 3/90 [fire crab] (2)]
 11770 | Lair:5   | Slain by a fire crab

Levels and vault maps discovered:
D:1:      ldierk_water_garden, layout_basic, serial_shops, shop, shop,
          nicolae_shop_waterfront, nrook_mini_vaults,
          chequers_serial_rivers_small_3, nrook_loot_triangle
D:2:      layout_loops_ring, basic_altar, serial_shops,
          nicolae_shop_overgrown_old_shop, nicolae_shop_trees,
          nicolae_shop_trees
D:3:      layout_loops_cross, hellmonk_ecumenical_altar_zigzags,
          ebering_ghost_rock_garden, minmay_hedge_maze, nrook_campfire
D:4:      layout_basic, nicolae_eternal_life
D:5:      layout_cave_pods
D:6:      layout_basic, nicolae_hepliaklqana_hippocampus, minitemple
D:7:      layout_cave_pools, minmay_temple_entry_statues_pillars,
          nicolae_figureground_pulse
D:8:      layout_basic, elyvilon_altar_4, tgw_xom, lemuel_tele_altar,
          kennysheep_slug_shrine, erik_lair_island, enter_bailey_3,
          serial_shops, nicolae_shop_trees, serial_curves, eino_curves_01,
          eino_curves_03, eino_curves_02, uniq_amaemon, uniq_maggie
Temple:   hellmonk_temple_divided_pantheon
Lair:1:   layout_misc_corridors, hellmonk_guarded_unrand_vines,
          grunt_megastairs_5, infiniplex_staircase_pool_2, lemuel_fruit_tree,
          uniq_joseph, uniq_sonja
Lair:2:   layout_long_grid, minmay_swamp_entry_reptiles,
          grunt_forest_large_clearing_hut
Lair:3:   layout_loops_ring, minmay_snake_entry_guardpost_small,
          nicolae_lair_run_with_the_wolves, lemuel_fruit_fields
Lair:4:   layout_loops_ring, serial_bayou_shore_a
Lair:5:   cheibrodos_lair_end_hotspot, layout_cave_shapes,
          dpeg_slime_entry_corner, serial_bayou_shore_b, serial_bayou_shore_b

Skill      XL: |  1  2  3  4  5  6  7  8  9 10 11 12 13 |
---------------+----------------------------------------+-----
Axes           | 2 3 4 5 6 7 8 9 10 11 12 13 | 13.6
Dodging        | 1 2 4 |  4.1
Fighting       | 4 5 6 7 8 9 10 | 10.0
Armour         | 5 6 8 9 10 | 10.1
Throwing       | 1 5 |  5.0
Shields        | 4 5 6 |  6.1
Invocations    | 5 9 10 | 10.0

Action                   |  1- 3 |  4- 6 |  7- 9 | 10-12 | 13-15 || total
-------------------------+-------+-------+-------+-------+-------++-------
Melee: War axe           |    97 |   139 |       |       |       ||   236
       Hand axe          |       |    12 |   253 |   805 |   296 ||  1366
       Demon whip        |       |       |       |    23 |       ||    23
       Morningstar       |       |       |       |       |     5 ||     5
Throw: Boomerang         |       |    33 |    23 |    84 |       ||   140
       Javelin           |       |       |       |     2 |     8 ||    10
Invok: Heroism           |       |       |       |    31 |     7 ||    38
       Finesse           |       |       |       |     7 |     2 ||     9
  Use: Scroll            |     8 |     3 |     6 |     4 |     2 ||    23
       Potion            |     1 |     2 |       |     3 |     3 ||     9
Armor: Scale mail        |    18 |       |       |       |       ||    18
       Chain mail        |    35 |   103 |   140 |       |       ||   278
       Plate armour      |       |       |   117 |   342 |   148 ||   607
Dodge: Dodged            |    37 |    45 |    96 |   238 |   129 ||   545
Block: Buckler           |    12 |    21 |    87 |   208 |    99 ||   427
       Rpst.: War axe    |       |     2 |       |       |       ||     2
       Hand axe          |       |     5 |    35 |   142 |    64 ||   246
       Demon whip        |       |       |       |     3 |       ||     3
       Morningstar       |       |       |       |       |     3 ||     3

Table legend:
 A = Non-vault XP
 B = Vault XP
 C = Vault XP percentage of total XP
 D = Non-vault monster count
 E = Vault monster count
 F = Vault count percentage of total count
                 A         B        C        D         E       F
            +---------+---------+-------+---------+---------+-------
      Total |   31665 |   13036 |  29.2 |     260 |      57 |  18.0
            +---------+---------+-------+---------+---------+-------
        D:1 |      36 |       0 |   0.0 |      13 |       0 |   0.0
        D:2 |      30 |       0 |   0.0 |      17 |       0 |   0.0
        D:3 |     187 |       0 |   0.0 |      25 |       0 |   0.0
        D:4 |     244 |       0 |   0.0 |      26 |       0 |   0.0
        D:5 |     343 |       0 |   0.0 |      10 |       0 |   0.0
        D:6 |     620 |       0 |   0.0 |      16 |       0 |   0.0
        D:7 |    2065 |       0 |   0.0 |      19 |       0 |   0.0
        D:8 |    1450 |    2503 |  63.3 |      26 |      21 |  44.7
     Lair:1 |    8866 |    4182 |  32.1 |      35 |      11 |  23.9
     Lair:2 |    5104 |    2262 |  30.7 |      23 |       7 |  23.3
     Lair:3 |     780 |    1869 |  70.6 |       2 |      12 |  85.7
     Lair:4 |    7634 |    1883 |  19.8 |      34 |       4 |  10.5
     Lair:5 |    4306 |     337 |   7.3 |      14 |       2 |  12.5
            +---------+---------+-------+---------+---------+-------
